Map: Oxide LE

Players

Trap

  • Race: Protoss Protoss
  • Spawn Location: 7:00

HeRoMaRinE - Winner!

  • Race: Terran Terran
  • Spawn Location: 1:00

Event: IEM Katowice 2021

VOD

Have the link to the VOD?

Description

Time

  • Played on: Feb. 24, 2021, 8:50 a.m.
  • Length: 8:59

All games in this series

Show
View Real Time Build Order
Export as new Build Order

Trap Protoss 

Build Orders: 1 Gate Expand, Oracle Opening, Phoenix Opening, Zealot Archon 

Get SALT Encoding   

  12  0:00  Probe  
  13  0:12  Probe  
  14  0:20  Pylon  
  14  0:24  Probe  
  15  0:38  Probe (Chrono Boost)  
  15  0:39  Gateway  
  16  0:47  Assimilator, Probe (Chrono Boost)  
  17  0:52  Probe (Chrono Boost)  
  18  1:04  Probe  
  19  1:16  Probe  
  20  1:26  Cybernetics Core  
  20  1:34  Nexus  
  20  1:40  Pylon  
  20  1:43  Probe  
  21  1:50  Assimilator  
  21  1:55  Probe  
  21  1:59  Adept (Chrono Boost)  
  22  2:05  Shield Battery  
  24  2:09  Probe  
  25  2:20  Adept (Chrono Boost)  
  25  2:21  Probe  
  28  2:35  Stargate, Probe (Chrono Boost)  
  29  2:42  Warp Gate  
  29  2:46  Probe (Chrono Boost)  
  31  2:52  Adept  
  31  2:53  Probe (Chrono Boost)  
  31  2:56  Probe (Chrono Boost)  
  32  3:00  Probe (Chrono Boost)  
  32  3:04  Probe  
  34  3:12  Probe  
  35  3:16  Probe  
  35  3:17  Oracle (Chrono Boost)  
  36  3:24  Probe  
  40  3:28  Pylon  
  40  3:29  Probe  
  41  3:36  Probe  
  41  3:41  Probe  
  43  3:47  Phoenix  
  43  3:48  Probe  
  46  3:49  Gateway  
  46  3:53  Probe  
  46  3:55  Gateway  
  47  4:00  Probe  
  48  4:05  Probe  
  48  4:08  Pylon  
  49  4:12  Phoenix (Chrono Boost)  
  49  4:16  Probe  
  52  4:17  Probe  
  52  4:22  Nexus  
  53  4:31  Probe x2, Phoenix (Chrono Boost)  
  57  4:39  Assimilator  
  57  4:41  Assimilator  
  57  4:43  Probe x2  
  59  4:49  Forge  
  59  4:50  Pylon  
  59  4:54  Twilight Council  
  59  4:55  Probe  
  61  5:03  Pylon, Phoenix  
  62  5:08  Probe (Chrono Boost)  
  62  5:09  Probe (Chrono Boost)  
  64  5:16  Sentry x2  
  64  5:19  Probe x2 (Chrono Boost)  
  64  5:21  Charge  
  70  5:24  Pylon, Probe x2 (Chrono Boost)  
  70  5:25  Protoss Ground Armor Level 1 (Chrono Boost)  
  72  5:35  Probe x2  
  74  5:40  Gateway  
  74  5:41  Gateway x2  
  74  5:44  Probe  
  74  5:47  Probe x2  
  77  5:52  Templar Archives  
  79  6:04  Probe x3  
  79  6:06  Zealot x3  
  79  6:10  Pylon, Assimilator x2  
  86  6:15  Gateway x2  
  86  6:19  Forge  
  86  6:23  Probe x3  
  89  6:29  Pylon  
  89  6:34  High Templar x2  
  93  6:40  Probe x2  
  93  6:41  Probe, High Templar  
  93  6:42  Zealot x2, High Templar  
  93  6:46  Pylon, Archon x2  
  104  6:54  Pylon, Robotics Facility  
  104  6:59  Shield Battery  
  104  7:04  Pylon  
  104  7:06  Zealot  
  104  7:07  Zealot x3  
  112  7:13  Nexus  
  111  7:18  Probe x3  
  111  7:22  Zealot x2  
  112  7:34  High Templar x2  
  116  7:39  Zealot x3  
  116  7:40  Archon  
  118  7:49  High Templar  
  118  7:50  Zealot, High Templar  
  101  7:55  Archon  
  93  8:02  Zealot x3, High Templar  
  99  8:09  Gateway  
  99  8:11  Gateway  
  80  8:16  Zealot x3  
  67  8:21  High Templar x2  
  67  8:25  Archon  
  67  8:26  Zealot, Sentry  
  69  8:32  Probe, Phoenix (Chrono Boost)  
  69  8:33  Probe x2  
  74  8:39  Zealot x2  
  78  8:46  Zealot  
Show
View Real Time Build Order
Export as new Build Order

HeRoMaRinE Terran - Winner!

Build Orders: Reaper Expand 

Get SALT Encoding   

  12  0:00  SCV  
  13  0:12  SCV  
  14  0:17  Supply Depot  
  14  0:24  SCV  
  15  0:39  SCV, Barracks  
  16  0:43  Refinery  
  16  0:51  SCV  
  17  1:03  SCV  
  18  1:15  SCV  
  19  1:26  Reaper  
  19  1:28  Orbital Command  
  20  1:48  Command Center  
  20  1:51  Supply Depot  
  20  1:53  SCV  
  21  1:58  Marine  
  22  2:05  SCV  
  23  2:12  Bunker  
  23  2:14  Factory  
  23  2:16  Marine  
  23  2:19  SCV  
  25  2:25  Refinery  
  25  2:31  SCV  
  25  2:36  Barracks Reactor  
  26  2:43  SCV  
  27  2:55  SCV  
  27  2:58  Widow Mine  
  29  3:02  Orbital Command  
  29  3:04  Starport  
  29  3:07  SCV  
  30  3:13  Marine x2  
  30  3:19  SCV, Widow Mine  
  35  3:28  SCV  
  35  3:31  SCV, Marine x2  
  39  3:37  Supply Depot  
  39  3:40  SCV  
  40  3:43  Widow Mine, Viking  
  40  3:44  SCV  
  45  3:49  Marine  
  45  3:54  Supply Depot  
  46  3:58  SCV x2, Marine  
  49  4:06  Marine  
  49  4:09  Command Center  
  50  4:11  SCV x2  
  50  4:16  Marine, Factory Tech Lab  
  53  4:17  Starport Tech Lab  
  53  4:22  Supply Depot  
  53  4:23  SCV x2  
  55  4:29  Marine  
  55  4:34  Marine  
  55  4:35  SCV x2  
  55  4:36  Siege Tank  
  61  4:40  Supply Depot  
  61  4:43  Raven  
  61  4:45  Barracks  
  63  4:49  SCV x2  
  65  4:55  Marine x2  
  65  4:56  Barracks  
  67  5:01  SCV x2  
  69  5:07  Supply Depot, Refinery  
  69  5:08  Siege Tank  
  69  5:10  Engineering Bay  
  69  5:13  SCV  
  73  5:15  SCV  
  74  5:22  Orbital Command  
  74  5:23  Marine x2  
  74  5:24  Refinery  
  74  5:25  SCV  
  77  5:29  SCV  
  78  5:37  SCV  
  78  5:38  Stimpack, Missile Turret  
  78  5:41  SCV  
  80  5:43  Missile Turret  
  80  5:47  Orbital Command  
  80  5:49  Starport Reactor, Marine x2  
  84  5:53  SCV x2, Marine, Combat Shield  
  84  5:54  Marine  
  84  5:55  Factory Reactor  
  84  5:59  Terran Infantry Weapons Level 1, Orbital Command  
  76  6:06  Marine x2  
  80  6:11  Marine x2  
  80  6:16  Barracks  
  80  6:17  SCV  
  80  6:18  SCV, Barracks, Supply Depot  
  82  6:24  Marine x2  
  84  6:26  Medivac  
  84  6:27  Medivac  
  84  6:31  Supply Depot  
  84  6:32  Marauder, Missile Turret  
  92  6:33  Marauder  
  92  6:34  Widow Mine x2  
  92  6:35  SCV  
  92  6:37  SCV  
  97  6:45  SCV  
  97  6:47  SCV  
  97  6:49  SCV  
  97  6:50  Marine x2  
  97  6:53  Marauder  
  103  6:54  Marauder  
  103  6:55  Missile Turret  
  103  6:57  Widow Mine, SCV  
  103  6:59  SCV  
  103  7:00  Medivac x2  
  113  7:02  SCV  
  113  7:05  Widow Mine  
  113  7:07  Supply Depot  
  116  7:09  SCV  
  116  7:10  Supply Depot  
  116  7:11  Barracks Tech Lab  
  117  7:16  Barracks Reactor  
  117  7:19  Supply Depot  
  117  7:28  Concussive Shells, Marine x2  
  117  7:29  SCV x3, Marauder  
  124  7:31  Marauder x2  
  132  7:37  Widow Mine x2  
  132  7:40  Medivac x2  
  132  7:41  SCV  
  135  7:46  Marine x2  
  135  7:50  Marauder  
  132  7:51  Marine  
  132  7:52  Marine  
  132  7:53  Marauder  
  132  7:54  Marine  
  141  7:58  Widow Mine x2  
  141  8:01  SCV x2  
  141  8:02  SCV  
  141  8:06  Marine  
  141  8:07  Marine  
  141  8:09  Marine  
  141  8:12  Marauder, Marine  
  136  8:14  Marauder  
  111  8:20  SCV x2  
  111  8:22  SCV  
  111  8:24  Marine  
  111  8:25  Marine  
  110  8:29  Medivac  
  110  8:30  Marauder  
  110  8:32  SCV x2  
  118  8:34  Marauder  
  118  8:35  SCV  
  118  8:37  Marine x2  
  123  8:44  SCV x2  

Tags
 
Add a new tag
Caveats
  • Supply blocks, unpowered buildings, or Contaminate may cause inaccurate times.
  • Supply counts are checked every 10 seconds.